 Dungeon Crawl Stone Soup version 0.31-a0-187-gba352fbbf7 (webtiles) character file.

Game seed: 8238661805600545338

262 Dittersdorf the Covered (level 6, -1/39 HPs)
             Began as a Gargoyle Fighter on June 22, 2023.
             Slain by Pikel
             ... wielding a +2 whip of freezing
              (3 damage)
             ... on level 4 of the Dungeon.
             The game lasted 00:03:41 (2303 turns).

Dittersdorf the Covered (Gargoyle Fighter)          Turns: 2303, Time: 00:03:41

Health: -1/39      AC: 20    Str: 21    XL:     6   Next: 18%
Magic:  6/6        EV:  8    Int:  9    God:
Gold:   132        SH:  5    Dex: 15    Spells: 5/5 levels left

rFire   . . .        a - +0 flail
rCold   . . .        c - +0 buckler
rNeg    + . .        r - +0 chain mail
rPois   ∞            m - +0 helmet
rElec   +            v - +0 cloak
rCorr   .            (no gloves)
SInv    .            (no boots)
Will    .....        (no amulet) Stlth
                     l - +6 ring of dexterity
HPRegen 0.26/turn    n - +4 ring of protection
MPRegen 0.10/turn

%: no passive effects
@: no status effects
A: sickness immunity, AC +4, negative energy resistance 1, electricity
resistance, torment resistance 1, petrification resistance
a: no special abilities


You were on level 4 of the Dungeon.
You visited 1 branch of the dungeon, and saw 4 of its levels.

You collected 132 gold pieces.

Inventory:

Hand Weapons
 a - a +0 flail (weapon)
Missiles
 o - a throwing net
Armour
 c - a +0 buckler (worn)
 m - a +0 helmet (worn)
 r - a +0 chain mail (worn)
 v - a +0 cloak (worn)
Jewellery
 l - a +6 ring of dexterity (left hand)
 n - a +4 ring of protection (right hand)
Scrolls
 b - a scroll of amnesia {unknown}
 e - 2 scrolls of noise {unknown}
 j - 2 scrolls of revelation {unknown}
 p - a scroll of enchant armour {unknown}
 q - 2 scrolls of identify {unknown}
 s - a scroll of teleportation {unknown}
 u - a scroll of blinking {unknown}
Potions
 d - 2 potions of might
 f - a potion of cancellation {unknown}
 g - 2 potions of brilliance {unknown}
 h - a potion of mutation {unknown}
 i - a potion of attraction {unknown}
 k - 2 potions of curing {unknown}


   Skills:
 + Level 4.6 Fighting
 + Level 3.4 Maces & Flails
 + Level 4.7 Armour
 + Level 4.6 Shields


You had 5 spell levels left.
You didn't know any spells.
Your spell library contained the following spells:

 Spells                   Type           Power      Damage    Failure   Level
 Static Discharge         Conj/Air       0%         2-2/arc   99%         2
 Vhi's Electric Charge    Tloc/Air       0%         N/A       100%        3
 Cause Fear               Hex            0%         N/A       100%        4
 Arcjolt                  Conj/Air       0%         1d10      100%        5
 Plasma Beam              Fire/Air       0%         2x1d10    100%        6
 Dragon Form              Tmut           0%         N/A       100%        7
 Dragon's Call            Summ           0%         N/A       100%        9
 Cigotuvi's Dreadful Rot  Necr/Pois/Air  Unusable   N/A       N/A         2

Dungeon Overview and Level Annotations

Branches:
Dungeon (4/15)
 Temple: D:4-7

Altars:

Shops:
D:2 (

Annotations:
D:4 Pikel


Innate Abilities, Weirdness & Mutations

You are immune to sickness and miasma.
Your stone body is resilient. (AC +4)
You are immune to poison.
You resist negative energy. (rN+)
You are resistant to electric shocks. (rElec)
You are resistant to unholy torment.
You are immune to petrification.


Message History

Throw: dart (poison)
Press: ? - help, Q - select action, (/) - cycle Shift-Dir - straight line, f/p - Pikel
Aim: Pikel, wielding a +2 whip of freezing and wearing a +2 robe of willpower (heavily wounded, poisoned, 53% to hit)
You throw a poisoned dart. The poisoned dart hits Pikel.
Pikel looks even sicker.
Pikel is heavily wounded.
Pikel barely misses you. Pikel attacks as you move away!
You block Pikel's attack. Pikel attacks as you move away!
Pikel hits you but does no damage.
Pikel looks more healthy.
The lemure looks more healthy.
Pikel attacks as you move away! Pikel closely misses you.
Unknown command.
You hit Pikel but do no damage.
Pikel is severely wounded.
Pikel hits you but does no damage.
You closely miss Pikel.
Pikel is severely wounded.
Pikel hits you but does no damage.
You hit Pikel but do no damage.
Pikel is severely wounded.
Pikel waves his whip at you. Pikel hits you but does no damage.
You barely miss Pikel.
Pikel is severely wounded.
Pikel hits you with a +2 whip of freezing.
* * * LOW HITPOINT WARNING * * *
Pikel freezes you.
* * * LOW HITPOINT WARNING * * *
You block Pikel's attack.
You hit Pikel.
Pikel is almost dead.
You block Pikel's attack.
You hit Pikel but do no damage.
Pikel is severely wounded.
You block Pikel's attack.
You hit Pikel but do no damage.
Pikel is severely wounded.
Pikel hits you but does no damage.
Pikel hits you with a +2 whip of freezing.
You die...

#...#
#######..##
.......5.#
#######o##
#5# #5# #5#
#K# #@# #.#
#.# #.# #.#
#.# #.# #.#
#.#


You could see Pikel, 4 lemures and an orc.

Vanquished Creatures
  A bullfrog (D:4)
  5 gnolls
  6 adders
  A white imp (D:3)
  An ufetubus (D:4)
  A worm (D:2)
  A dart slug (D:1)
  5 bats
  6 endoplasms
  A giant cockroach (D:2)
  8 goblins
  10 hobgoblins
  3 jackals (D:3)
  9 kobolds
  7 quokkas
  3 ball pythons
  5 frilled lizards
  4 rats
77 creatures vanquished.

Notes
Turn   | Place    | Note
-------+----------+-------------------------------------------
     0 | D:1      | Dittersdorf the Gargoyle Fighter began the quest for the
                  | Orb.
     0 | D:1      | Reached XP level 1. HP: 14/14 MP: 1/1
    67 | D:1      | Reached XP level 2. HP: 18/19 MP: 2/2
   360 | D:1      | Reached XP level 3. HP: 21/23 MP: 3/3
   818 | D:2      | Found Jeef's Antique Weapon Boutique.
   957 | D:2      | Reached XP level 4. HP: 25/29 MP: 4/4
  1431 | D:2      | Reached XP level 5. HP: 31/33 MP: 5/5
  1620 | D:3      | Got the Book of Inhalation
  2235 | D:4      | Noticed a lemure
  2235 | D:4      | Noticed a lemure
  2236 | D:4      | Noticed Pikel
  2237 | D:4      | Noticed a lemure
  2239 | D:4      | Noticed a lemure
  2246 | D:4      | Reached XP level 6. HP: 25/39 MP: 6/6
  2300 | D:4      | HP: 1/39 [Pikel/+2 whip of freezing (2)]
  2303 | D:4      | Slain by Pikel

Illustrated notes

Levels and vault maps discovered:
D:1:      mrwooster_arrival_statue_2, layout_loops_ring, serial_park_tiny_2
D:2:      layout_basic, serial_shops, shop
D:3:      layout_rooms
D:4:      layout_basic, kennysheep_generic_room_14, uniq_pikel, uniq_menkaure

Skill      XL: |  1  2  3  4  5 |
---------------+----------------+-----
Armour         | 4 |  4.7
Fighting       | 4 |  4.6
Shields        | 4 |  4.6
Maces & Flails | 3 |  3.4

Action                     |  1- 3 |  4- 6 || total
---------------------------+-------+-------++-------
  Melee: Flail             |   136 |   167 ||   303
  Throw: Dart              |       |     8 ||     8
 Armour: Scale mail        |    75 |    33 ||   108
         Chain mail        |       |   104 ||   104
  Dodge: Dodged            |    89 |    99 ||   188
  Block: Buckler           |    28 |    59 ||    87

Table legend: (Time is in decaauts)
 A = Elapsed time spent in this place.
 B = Non-inter-level travel time spent in this place.
 C = Inter-level travel time spent in this place.
 D = Time resting spent in this place.
 E = Time spent auto-exploring this place.
 F = Levels seen in this place.
 G = Mean time per level.
                   A        B        C        D        E       F      G
               +--------+--------+--------+--------+--------+-----+--------+
         Total |   2391 |   2266 |    125 |     71 |   1487 |   4 |  597.8 |
       Dungeon |   2391 |   2266 |    125 |     71 |   1487 |   4 |  597.8 |
               +--------+--------+--------+--------+--------+-----+--------+

Top non-repeatable levels by time:
     D:1: 951 daAuts
     D:2: 685 daAuts
     D:3: 577 daAuts
     D:4: 177 daAuts
